 Dungeon Crawl Stone Soup version 0.31.0-4-g52a2dc7128 (webtiles) character file.

Game seed: 4025463307971209861

6841 Crownlay the Impaler (level 10, -11/91 HPs)
             Began as a Minotaur Fighter on Jan 22, 2024.
             Was a Follower of the Shining One.
             Mangled by a two-headed ogre
             ... wielding a +0 giant club
              (13 damage)
             ... on level 8 of the Dungeon.
             The game lasted 00:13:40 (7174 turns).

Crownlay the Impaler (Minotaur Fighter)             Turns: 7174, Time: 00:13:41

Health: -11/91     AC: 16    Str: 26    XL:     10   Next: 77%
Magic:  6/9        EV:  9    Int:  5    God:    the Shining One [*.....]
Gold:   254        SH: 16    Dex:  9    Spells: 9/9 levels left

rFire   x . .        a - +0 trident
rCold   + + .        c - +0 buckler
rNeg    . . .        y - +0 ice dragon scales
rPois   .            (helmet restricted)
rElec   .            D - +1 cloak {rCorr}
rCorr   +            (no gloves)
SInv    .            (no boots)
Will    .....        m - amulet of reflection
Stlth   x              - +4 ring of protection
HPRegen 0.35/turn    (no ring)
MPRegen 0.11/turn

%: reflection
@: divinely shielded, glowing
A: horns 2, retaliatory headbutt
a: Renounce Religion, Divine Shield


You were on level 8 of the Dungeon.
You worshipped the Shining One.
The Shining One was aware of your devotion.
You visited 2 branches of the dungeon, and saw 9 of its levels.
You also visited: Sewer.

You collected 1163 gold pieces.
You spent 909 gold pieces at shops.

Inventory:

Hand Weapons
 a - a +0 trident (weapon)
Missiles
 r - a curare-tipped dart (quivered)
Armour
 c - a +0 buckler (worn)
 y - +0 ice dragon scales (worn)
 D - a +1 cloak of preservation (worn)
Jewellery
 m - an amulet of reflection (around neck)
 v - an amulet of regeneration
 x - a +4 ring of protection (left hand)
 C - a +6 ring of intelligence
Wands
 b - a wand of iceblast (7)
 k - a wand of flame (35)
 B - a wand of charming (13)
 F - a wand of quicksilver (4)
Scrolls
 e - 4 scrolls of blinking
 h - a scroll of amnesia {unknown}
 i - 9 scrolls of teleportation
 n - a scroll of immolation {unknown}
 o - 2 scrolls of fog {unknown}
 q - 2 scrolls of enchant weapon
 s - a scroll of summoning {unknown}
 u - 3 scrolls of enchant armour
 w - a scroll of revelation {unknown}
Potions
 d - 2 potions of might
 f - 3 potions of enlightenment
 g - 2 potions of degeneration
 j - 6 potions of curing
 l - a potion of cancellation
 p - a potion of brilliance {unknown}
 t - a potion of invisibility {unknown}
 z - a potion of heal wounds {unknown}
 A - a potion of resistance {unknown}
 E - 3 potions of haste {unknown}
 G - a potion of magic {unknown}


   Skills:
 + Level 9.1 Fighting
 * Level 16.6 Polearms
 + Level 3.8 Armour
 + Level 9.0 Shields
 * Level 1.0 Invocations


You had 9 spell levels left.
You didn't know any spells.
Your spell library contained the following spells:

 Spells                   Type           Power      Damage    Failure   Level
 Sandblast                Erth           0%         2d4       85%         1
 Call Imp                 Summ           0%         N/A       94%         2
 Sublimation of Blood     Necr           0%         N/A       94%         2
 Inner Flame              Hex/Fire       0%         N/A       99%         3
 Passwall                 Erth           0%         N/A       99%         3
 Stone Arrow              Conj/Erth      0%         3d7       99%         3
 Brom's Barrelling Bould  Conj/Erth      0%         2d3       100%        4
 Petrify                  Alch/Erth      0%         N/A       100%        4
 Irradiate                Conj/Alch      0%         3d11      100%        5
 Summon Hydra             Summ           0%         N/A       100%        7
 Ignition                 Fire           0%         3d3       100%        8


Dungeon Overview and Level Annotations

Branches:
Dungeon (8/15)             Temple (1/1) D:6           Sewer (visited)
   Lair: D:8-11

Altars:
Ashenzari
Cheibriados
Dithmenos
Elyvilon
Fedhas
Gozag
Hepliaklqana
Kikubaaqudgha
Makhleb
Nemelex Xobeh
Okawaru
Qazlal
Ru
Trog
Vehumet
Wu Jian
Xom
Yredelemnul
Zin
The Shining One

Shops:
D:3 !:=*[   D:4 :   D:6 [


Innate Abilities, Weirdness & Mutations

You have a pair of horns on your head.
You reflexively headbutt those who attack you in melee.


Message History

You are too injured to fight recklessly!
You are too injured to fight recklessly!
You are too injured to fight recklessly!
You are too injured to fight recklessly!
You are too injured to fight recklessly!
You are too injured to fight recklessly!
You are too injured to fight recklessly!
You are too injured to fight recklessly!
You are too injured to fight recklessly!
You are too injured to fight recklessly!
You are too injured to fight recklessly!
You are too injured to fight recklessly!
You are too injured to fight recklessly!
You are too injured to fight recklessly!
You are too injured to fight recklessly!
You are too injured to fight recklessly!
You puncture the two-headed ogre!
You headbutt the two-headed ogre, but do no damage.
The two-headed ogre is heavily wounded.
You hit the two-headed ogre.
The two-headed ogre is heavily wounded.
The two-headed ogre hits you with a +0 giant club!!
* * * LOW HITPOINT WARNING * * *
You block the two-headed ogre's attack.
You hit the two-headed ogre but do no damage.
The two-headed ogre is heavily wounded.
You hit the two-headed ogre but do no damage.
You headbutt the two-headed ogre.
The two-headed ogre is heavily wounded.
You hit the two-headed ogre.
The two-headed ogre is severely wounded.
The two-headed ogre hits you with a +0 giant club!
* * * LOW HITPOINT WARNING * * *
The two-headed ogre hits you with a +0 giant club.
* * * LOW HITPOINT WARNING * * *
Your shield is strengthened by the Shining One's divine power.
You hit the two-headed ogre.
The two-headed ogre is severely wounded.
The two-headed ogre hits you with a +0 giant club!
You die...

## .#.# .####...##
..##.. .<........ .....
. .......... .#..#.
..........#### .....
.)...........# ...##..
...†.......#.####.......
.........#.#..#.O.......
................@#
#######.##..#...!#
####.##..####....#
#..<.#....# ###..#
####.##...##.## .....
.....##.####..## ....
##..###.# #...# #...
##......####...# .#.
...............#


You could see a two-headed ogre.

Vanquished Creatures
  Pikel (D:5)
  Maurice (D:7)
  Jeremiah (D:7)
  Psyche (D:8)
  Prince Ribbit (D:8)
  Grinder (D:6)
  Menkaure (D:7)
  3 water moccasins
  An orc warrior (D:6)
  A black bear (D:6)
  An ice beast (D:6)
  A sky beast (D:6)
  An ogre (D:6)
  4 kobold brigands
  2 phantoms (D:4)
  A scorpion (D:5)
  A howler monkey (D:4)
  A bombardier beetle (D:5)
  3 hounds
  A jelly (D:6)
  3 orc priests
  2 sleepcaps
  2 iguanas (D:5)
  6 adders
  4 river rats
  A shadow imp (D:6)
  3 white imps
  4 ufetubi
  5 ribbon worms
  2 dart slugs
  12 orcs
  3 bats
  12 endoplasms
  7 giant cockroaches
  4 goblins
  8 hobgoblins
  12 kobolds
  7 quokkas
  7 ball pythons
  11 frilled lizards
  7 rats
150 creatures vanquished.

Notes
Turn   | Place    | Note
-------+----------+-------------------------------------------
     0 | D:1      | Crownlay the Minotaur Fighter began the quest for the Orb.
     0 | D:1      | Reached XP level 1. HP: 19/19 MP: 0/0
   138 | D:1      | Reached skill level 3 in Polearms
   167 | D:1      | Reached XP level 2. HP: 27/27 MP: 1/1
   174 | D:1      | Found a faded altar of an unknown god.
  1135 | D:2      | Reached XP level 3. HP: 33/33 MP: 2/2
  1225 | D:3      | Found Vigumoko's Assorted Antiques.
  1229 | D:3      | Bought a scroll labelled ITECLE KIUPS for 27 gold pieces
  1229 | D:3      | Bought a scroll labelled QEDGHA JEHINGA for 27 gold pieces
  1229 | D:3      | Bought a scroll labelled LEVUUS YTWY for 27 gold pieces
  1229 | D:3      | Bought a fizzy clear potion for 24 gold pieces
  1258 | D:3      | Found a shadowy altar of Dithmenos.
  1272 | D:3      | Found Bopis's Jewellery Shoppe.
  1315 | D:3      | Reached skill level 4 in Polearms
  1348 | D:3      | Found a glowing drain.
  1352 | Sewer    | Entered a sewer
  1425 | Sewer    | Noticed a kobold brigand
  1439 | Sewer    | Killed a kobold brigand
  1440 | Sewer    | Reached XP level 4. HP: 18/41 MP: 3/3
  1440 | Sewer    | Reached XP level 5. HP: 21/47 MP: 4/4
  1805 | Sewer    | Reached skill level 5 in Polearms
  1807 | Sewer    | Reached skill level 5 in Fighting
  2060 | Sewer    | Reached skill level 5 in Shields
  2219 | Sewer    | Reached skill level 6 in Polearms
  2219 | Sewer    | Reached XP level 6. HP: 24/56 MP: 5/5
  2528 | D:3      | Found Yfauwar's Distillery.
  2539 | D:3      | Bought a potion of degeneration for 12 gold pieces
  2737 | D:3      | Found Keucsunk's Armour Boutique.
  2891 | D:3      | Found Otra's Book Shop.
  3165 | D:4      | Found Etofapyz's Vocational Training.
  3644 | D:4      | Reached XP level 7. HP: 62/62 MP: 6/6
  3714 | D:4      | Reached skill level 7 in Polearms
  3757 | D:5      | Entered Level 5 of the Dungeon
  4386 | D:5      | Noticed Pikel
  4400 | D:5      | Killed Pikel
  4401 | D:5      | Reached skill level 8 in Polearms
  4401 | D:5      | Reached XP level 8. HP: 54/73 MP: 7/7
  4662 | D:5      | Reached skill level 9 in Polearms
  4824 | D:6      | Found a snail-covered altar of Cheibriados.
  4824 | D:6      | Found a sparkling altar of Nemelex Xobeh.
  4834 | D:6      | Found a staircase to the Ecumenical Temple.
  4853 | Temple   | Entered the Ecumenical Temple
  4862 | Temple   | Became a worshipper of the Shining One
  4958 | D:6      | Found a bloodstained altar of Trog.
  5106 | D:6      | Noticed Grinder
  5137 | D:6      | Reached skill level 10 in Polearms
  5157 | D:6      | Killed Grinder
  5158 | D:6      | Reached XP level 9. HP: 26/81 MP: 8/8
  5394 | D:6      | Found Nagaef's Armour Boutique.
  5489 | D:6      | Identified the +3 shortbow of Dung {drain, rN+ Dex+4
                  | Stlth+}
  5599 | D:7      | Found a broken altar of Ashenzari.
  5604 | D:7      | Reached * piety under the Shining One
  5622 | D:7      | Noticed Jeremiah
  5798 | D:7      | Killed Jeremiah
  5799 | D:7      | Reached skill level 11 in Polearms
  5955 | D:7      | Noticed Maurice
  5980 | D:7      | Maurice stole a +6 ring of intelligence
  5985 | D:7      | Maurice stole a curare-tipped dart
  5992 | D:7      | Killed Maurice
  6255 | D:7      | Noticed Menkaure
  6262 | D:7      | Killed Menkaure
  6776 | D:7      | Identified a scroll of acquirement
  6777 | D:7      | Acquired 758 gold pieces
  6902 | D:3      | Bought a potion of experience for 600 gold pieces
  6902 | D:3      | Bought a potion of cancellation for 96 gold pieces
  6902 | D:3      | Bought a potion of enlightenment for 60 gold pieces
  6902 | D:3      | Bought a potion of curing for 36 gold pieces
  6902 | D:3      | Reached skill level 16 in Polearms
  6902 | D:3      | Reached XP level 10. HP: 91/91 MP: 9/9
  6997 | D:8      | Noticed Psyche
  6997 | D:8      | Noticed Prince Ribbit
  7005 | D:8      | Killed Psyche
  7011 | D:8      | Killed Prince Ribbit
  7095 | D:8      | Reached skill level 1 in Invocations
  7159 | D:8      | Noticed a two-headed ogre
  7172 | D:8      | HP: 2/91 [two-headed ogre/+0 giant club (6)]
  7174 | D:8      | Mangled by a two-headed ogre

Illustrated notes

Levels and vault maps discovered:
D:1:      minmay_arrival_four_houses, layout_rooms,
          shapermc_ecumenical_altar_totnotflames
D:2:      layout_loops_ring, minmay_lizard_king
D:3:      layout_basic, grunt_dithmenos_smoke, serial_shops, shop, shop,
          nicolae_shop_industrial_runoff, shop, shop_fountains,
          gup_sewer_entry_spiral, chequers_serial_rivers_micro_e,
          nicolae_kite_square_tiling_tiny, kennysheep_generic_room_4
D:4:      layout_basic, nicolae_shop_vocational
D:5:      layout_layer_cave, uniq_pikel
D:6:      layout_rooms, lemuel_tele_altar,
          chequers_temple_overflow_statue_of_worship,
          minmay_temple_entry_drinking_statues, serial_shops,
          nicolae_shop_statue_plus, minmay_checkerbox, uniq_grinder
D:7:      layout_gridville, overflow_temple_1_default, uniq_maurice,
          uniq_menkaure, uniq_jeremiah
D:8:      layout_rooms, uniq_erica, uniq_psyche, uniq_prince_ribbit1
Temple:   nicolae_temple_no_exploring_needed

Skill      XL: |  1  2  3  4  5  6  7  8  9 10 |
---------------+-------------------------------+-----
Polearms       | 3 4 6 8 10 16 | 16.6
Fighting       | 4 5 7 8 9 |  9.1
Shields        | 4 5 6 7 8 9 |  9.0
Invocations    | 1 |  1.0
Armour         | |  3.8

Action                     |  1- 3 |  4- 6 |  7- 9 | 10-12 || total
---------------------------+-------+-------+-------+-------++-------
  Melee: Trident           |   128 |   222 |   233 |    34 ||   617
         Headbutt          |    12 |    16 |    38 |     9 ||    75
 Invoke: Divine Shield     |       |       |       |     1 ||     1
  Evoke: Wand              |       |       |     7 |       ||     7
    Use: Scroll            |       |     1 |     5 |       ||     6
         Potion            |       |       |     1 |       ||     1
 Armour: Scale mail        |    58 |    80 |    18 |       ||   156
         Ice dragon scales |       |       |    91 |    13 ||   104
  Dodge: Dodged            |    41 |    53 |    45 |     2 ||   141
  Block: Buckler           |    25 |    34 |    63 |     6 ||   128
         Reflection        |       |     2 |       |       ||     2
